 Dungeon Crawl Stone Soup version 0.19.1 (webtiles) character file.

3838 Ladykiller69 the Destroyer (level 9, -3/45 HPs)
             Began as a Deep Elf Wizard on Dec 9, 2016.
             Was a Follower of Vehumet.
             Blown up by an eye of devastation (14 damage)
             ... with a bolt of energy
             ... on level 9 of the Dungeon.
             The game lasted 00:43:30 (10287 turns).

Ladykiller69 the Destroyer (Deep Elf Wizard)       Turns: 10287, Time: 00:43:30

Health: -3/45      AC:  5    Str:  4    XL:     9   Next: 98%
Magic:  3/18       EV: 13    Int: 27    God:    Vehumet [*.....]
Gold:   487        SH:  0    Dex: 13    Spells: 6 memorised, 5 levels left

rFire  . . .     SeeInvis .     w - +4 quarterstaff (chaos)
rCold  + . .     Gourm    .     E - +0 robe {rC+}
rNeg   . . .     Faith    .     (shield currently unavailable)
rPois  +         Spirit   .     j - +1 helmet
rElec  .         Reflect  .     x - +0 cloak {+Inv}
rCorr  .         Harm     .     (no gloves)
MR     .....                    (no boots)
Stlth  ++........               (no amulet)
                                h - ring of poison resistance
                                A - ring of flight

@: repel missiles
A: no striking features
a: Renounce Religion, Evoke Invisibility, Evoke Flight


You were on level 9 of the Dungeon.
You worshipped Vehumet.
Vehumet was aware of your devotion.
You were not hungry.

You visited 2 branches of the dungeon, and saw 10 of its levels.
You also visited: Bailey.

You collected 487 gold pieces.

Inventory:

Hand Weapons
 g - a +0 dagger of holy wrath
 p - a +1 dagger of distortion
 w - a +4 quarterstaff of chaos (weapon)
Armour
 j - a +1 helmet (worn)
 x - a +0 cloak of invisibility (worn)
 E - a +0 robe of cold resistance (worn)
Jewellery
 h - a ring of poison resistance (right hand)
 A - a ring of flight (left hand)
 C - an uncursed ring of magical power {unknown}
Wands
 u - a wand of flame (28/48)
 D - a wand of lightning (13/15)
 K - a wand of digging (16/24)
Scrolls
 a - a scroll of random uselessness {unknown}
 e - 4 scrolls of immolation
 n - 3 scrolls of teleportation
 q - 3 scrolls of identify
 s - a scroll of amnesia
 t - a scroll of magic mapping {unknown}
 v - 2 scrolls of enchant armour
 y - 6 scrolls of fear
 H - a scroll of recharging
 I - a scroll of enchant weapon {unknown}
 J - a scroll of remove curse
Potions
 f - 2 potions of cancellation
 i - 3 potions of flight {unknown}
 k - 3 potions of degeneration {unknown}
 l - 2 potions of brilliance {unknown}
 m - 2 potions of ambrosia {unknown}
 o - 3 potions of curing {unknown}
 z - a potion of lignification {unknown}
Books
 c - a book of Minor Magic

   Spells                             Type                      Level
   a - Magic Dart                     Conjuration                  1
   b - Blink                          Translocation                2
   c - Call Imp                       Summoning                    2
   d - Repel Missiles                 Charms/Air                   2
   e - Slow                           Hexes                        2
   f - Conjure Flame                  Conjuration/Fire             3
   g - Mephitic Cloud                 Conjuration/Poison/Air       3
Miscellaneous
 B - a phial of floods
Comestibles
 b - 2 chunks of flesh
 d - 5 bread rations
 r - 2 meat rations
 F - a slice of pizza
 G - 7 fruits


   Skills:
 - Level 3.3 Dodging
 - Level 3.1 Stealth
 - Level 5.0 Spellcasting
 + Level 9.5 Conjurations
 - Level 5.0 Summonings
 - Level 7.0 Translocations
 - Level 3.1 Fire Magic
 - Level 5.1 Air Magic
 - Level 5.0 Poison Magic


You had 5 spell levels left.
You knew the following spells:

 Your Spells              Type           Power        Failure   Level  Hunger
a - Magic Dart            Conj           ####         1%          1    None
b - Call Imp              Summ           ####....     1%          2    None
c - Mephitic Cloud        Conj/Pois/Air  #####...     1%          3    #......
d - Conjure Flame         Conj/Fire      #####...     1%          3    #......
e - Blink                 Tloc           N/A          1%          2    None
f - Repel Missiles        Chrm/Air       ###...       4%          2    None


Dungeon Overview and Level Annotations

Branches:
Dungeon (9/15)             Temple (1/1) D:6
   Lair: D:8-11         Orc: D:9-12

Altars:
Ashenzari
Cheibriados
Dithmenos
Elyvilon
Fedhas
Gozag
Hepliaklqana
Kikubaaqudgha
Okawaru
Qazlal
Trog
Vehumet
Xom

Shops:
D:8 [   D:9 ?

Annotations:
D:2 Sigmund


Message History

There is something else lying underneath.
The floor.
Casting: Mephitic Cloud
Confirm with . or Enter, or press ? or * to list all spells.
You blink.
The eye of devastation gazes at you. The bolt of energy hits you!
Ouch! That really hurt!
* * * LOW HITPOINT WARNING * * *
The rock wall explodes into countless fragments.
Casting: Blink
Confirm with . or Enter, or press ? or * to list all spells.
Aiming: Mephitic Cloud
Press: ? - help, Shift-Dir - straight line, p - eye of devastation The ball explodes into a vile cloud!
The stinking cloud engulfs the eye of devastation.
The eye of devastation is heavily wounded.
The eye of devastation gazes at you. The bolt of energy hits you!
You die...

#. ##. #. ...
#.####.##
#.......#
#§).....#
#.§G# .#
#§§§###.#
#.....#.#
#.#..@..#
#.#.#.###
..###). #..
#.###### ###
#..
#......###.#
#..
######.#<..#
#...###.#
###.#####.###
#...#.......##


You could see an eye of devastation.

Vanquished Creatures
  Pikel (D:6)
  A troll (D:9)
  A slave (D:6)
  4 orc warriors
  2 black bears
  A phantom (D:4)
  7 ogres
  A sky beast (D:7)
  2 bullfrogs
  A gnoll sergeant (D:4)
  A scorpion (D:7)
  5 killer bees (D:8)
  A wight (D:6)
  2 howler monkeys
  A centaur zombie (D:8)
  2 crimson imps
  A bullfrog zombie (D:8)
  A quasit (D:9)
  A jelly (D:5)
  An orc priest (D:4)
  Crazy Yiuf (D:3)
  4 hounds
  2 orc wizards
  Jessica (D:2)
  A bullfrog skeleton (D:8)
  A gnoll shaman (D:4)
  2 iguanas
  Natasha (thrice) (D:3)
  3 worker ants
  A hound skeleton (D:9)
  2 worker ant zombies
  44 gnolls
  4 adders
  A shadow imp (D:8)
  3 oozes
  2 adder skeletons
  2 worms
  A dart slug (D:2)
  5 leopard geckos
  22 orcs
  3 giant cockroaches
  6 goblins
  17 hobgoblins
  21 jackals
  5 quokkas
  2 ball pythons
  8 bats
  7 frilled lizards
  A giant cockroach zombie (D:5)
  23 kobolds
  A quokka skeleton (D:5)
  7 rats
243 creatures vanquished.

Vanquished Creatures (collateral kills)
  A killer bee (D:8)
  An orc (D:3)
  3 jackals (D:3)
5 creatures vanquished.

Vanquished Creatures (others)
  3 slaves (D:6)
  A howler monkey (D:6)
  2 wights (D:6)
  An iguana (D:6)
  2 adders (D:6)
  A leopard gecko (D:6)
10 creatures vanquished.

Grand Total: 258 creatures vanquished

Notes
Turn   | Place    | Note
-------+----------+-------------------------------------------
     0 | D:1      | Ladykiller69 the Deep Elf Wizard began the quest for the Orb.
     0 | D:1      | Reached XP level 1. HP: 10/10 MP: 7/7
   165 | D:1      | Reached XP level 2. HP: 15/15 MP: 4/9
  1051 | D:1      | Reached skill level 2 in Conjurations
  1221 | D:2      | Reached XP level 3. HP: 19/19 MP: 7/11
  1224 | D:2      | Noticed Jessica
  1230 | D:2      | Killed Jessica
  1307 | D:2      | Reached skill level 5 in Spellcasting
  1399 | D:2      | Reached XP level 4. HP: 24/24 MP: 11/13
  1490 | D:2      | Learned a level 2 spell: Call Imp
  1494 | D:2      | Learned a level 3 spell: Mephitic Cloud
  1498 | D:2      | Learned a level 3 spell: Conjure Flame
  1501 | D:2      | Learned a level 2 spell: Blink
  1504 | D:2      | Learned a level 2 spell: Repel Missiles
  1621 | D:2      | Noticed Sigmund
  1652 | D:2      | Reached skill level 3 in Conjurations
  2033 | D:3      | Noticed Natasha
  2775 | D:3      | Reached skill level 4 in Conjurations
  2920 | D:3      | Found a runed door.
  2924 | D:3      | Noticed Crazy Yiuf
  2929 | D:3      | Killed Crazy Yiuf
  2929 | D:3      | Reached XP level 5. HP: 28/28 MP: 6/14
  3199 | D:3      | Killed Natasha
  3199 | D:3      | Reached skill level 5 in Conjurations
  3224 | D:3      | Noticed Natasha
  3230 | D:3      | Killed Natasha
  3319 | D:3      | Noticed Natasha
  3328 | D:3      | Killed Natasha
  3456 | D:3      | Reached XP level 6. HP: 30/32 MP: 0/15
  3619 | D:4      | Reached skill level 6 in Conjurations
  3680 | D:4      | Reached skill level 1 in Air Magic
  3680 | D:4      | Reached skill level 1 in Poison Magic
  4051 | D:4      | Reached XP level 7. HP: 36/36 MP: 6/16
  5832 | D:4      | Reached XP level 8. HP: 33/41 MP: 9/17
  5993 | D:4      | Reached skill level 5 in Poison Magic
  6193 | D:5      | Entered Level 5 of the Dungeon
  6327 | D:5      | Reached skill level 5 in Air Magic
  6986 | D:6      | Noticed Pikel
  6992 | D:6      | Killed Pikel
  7527 | D:6      | Reached skill level 5 in Summonings
  7621 | D:6      | Reached skill level 5 in Translocations
  7707 | D:6      | Reached skill level 1 in Fire Magic
  7760 | D:6      | Reached XP level 9. HP: 33/45 MP: 10/18
  7771 | D:6      | Found a staircase to the Ecumenical Temple.
  7779 | Temple   | Entered the Ecumenical Temple
  7789 | Temple   | Became a worshipper of Vehumet
  8642 | D:8      | Found a flagged portal.
  8694 | Bailey   | Entered a bailey
  9046 | Bailey   | Found a bloodstained altar of Trog.
  9104 | D:8      | Reached skill level 7 in Conjurations
  9135 | D:8      | Reached * piety under Vehumet
  9135 | D:8      | Offered knowledge of Sting by Vehumet.
  9377 | D:8      | Found Wirouniun's Armour Shop.
  9681 | D:9      | Noticed a troll
  9689 | D:9      | Killed a troll
  9689 | D:9      | Reached skill level 8 in Conjurations
  9999 | D:8      | Reached skill level 9 in Conjurations
 10150 | D:9      | Found Koured's Magic Scroll Boutique.
 10261 | D:9      | Noticed a centaur warrior
 10283 | D:9      | Noticed an eye of devastation
 10283 | D:9      | a centaur warrior changed into an eye of devastation
 10287 | D:9      | Blown up by an eye of devastation

Skill      XL: |  1  2  3  4  5  6  7  8  9 |
---------------+----------------------------+-----
Stealth        | 3 |  3.1
Conjurations   | 2 4 5 6 9 |  9.5
Dodging        | 3 |  3.3
Spellcasting   | 5 |  5.0
Air Magic      | 2 4 5 |  5.1
Poison Magic   | 2 4 5 |  5.0
Summonings     | 5 |  5.0
Translocations | 5 7 |  7.0
Fire Magic     | 1 3 |  3.1

Action                   |  1- 3 |  4- 6 |  7- 9 || total
-------------------------+-------+-------+-------++-------
Melee: Dagger            |     8 |     1 |       ||     9
       Quarterstaff      |       |    12 |   157 ||   169
 Cast: Magic Dart        |    75 |   205 |   362 ||   642
       Conjure Flame     |       |     1 |    11 ||    12
       Mephitic Cloud    |       |     6 |    51 ||    57
       Call Imp          |       |     1 |     1 ||     2
       Repel Missiles    |       |     1 |     1 ||     2
       Blink             |       |       |     7 ||     7
  Use: Scroll            |       |       |     9 ||     9
 Stab: Petrified         |       |       |     5 ||     5
       Confused          |       |       |     7 ||     7
  Eat: Chunk             |     1 |     8 |    21 ||    30
Armor: Robe              |     4 |     5 |    19 ||    28
Dodge: Dodged            |    13 |    27 |    72 ||   112
       Deflected         |       |       |     3 ||     3
